 Dungeon Crawl Stone Soup version 0.29.1-13-g9f3cf754e1 (webtiles) character file.

Game seed: 85229126110767025

667 Rikuski the Ruffian (level 7, -8/70 HPs)
             Began as a Troll Chaos Knight on Feb 2, 2023.
             Was a Plaything of Xom.
             Killed by an exploding ufetubus (27 damage)
             ... ignited by their inner flame
             ... on level 5 of the Dungeon.
             The game lasted 00:09:31 (3824 turns).

Rikuski the Ruffian (Troll Chaos Knight)            Turns: 3824, Time: 00:09:31

Health: -8/70      AC:  6    Str: 23    XL:     7   Next: 31%
Magic:  6/6        EV: 10    Int:  8    God:    Xom [..*...]
Gold:   206        SH:  0    Dex:  9    Spells: 6/6 levels left

rFire   . . .      SeeInvis .     - Unarmed
rCold   . . .      Faith    .   (no shield)
rNeg    . . .      Spirit   .   a - +2 robe
rPois   .          Reflect  .   (helmet restricted)
rElec   .          Harm     .   (no cloak)
rCorr   .          Rampage  .   (gloves unavailable)
Will    .....                   (boots unavailable)
Stlth   +.........              (no amulet)
HPRegen 1.01/turn               (no ring)
MPRegen 0.10/turn               (no ring)

@: lethally poisoned (-8 -> -9)
A: large, unfitting armour, claws 3, regeneration 1, shaggy fur 1, tough skin 1
a: Renounce Religion


You were on level 5 of the Dungeon.
You worshipped Xom.
You were a toy of Xom.
You visited 1 branch of the dungeon, and saw 5 of its levels.

You collected 206 gold pieces.

Inventory:

Hand Weapons
 t - a +2 mace of protection
Armour
 a - a +2 robe (worn)
 l - a +0 plate armour
Magical Staves
 e - a staff of cold
Wands
 r - a wand of digging (4)
Scrolls
 c - a scroll of identify
 d - a scroll of torment
 j - a scroll of silence {unknown}
 k - a scroll of butterflies {unknown}
 m - 2 scrolls of noise {unknown}
 n - a scroll of vulnerability {unknown}
 q - a scroll of summoning {unknown}
 s - a scroll of magic mapping {unknown}
Potions
 f - 4 potions of flight
 h - 2 potions of haste
 o - a potion of mutation
 p - 5 potions of heal wounds
 u - a potion of might
Miscellaneous
 b - a piece from Xom's chessboard (15/15) (quivered)


   Skills:
 + Level 4.0 Fighting
 + Level 3.7 Dodging
 * Level 6.4 Unarmed Combat


You had 6 spell levels left.
You didn't know any spells.
Your spell library contained the following spells:

 Spells                   Type           Power      Damage    Failure   Level
 Summon Small Mammal      Summ           0%         N/A       41%         1
 Call Canine Familiar     Summ           0%         N/A       78%         3
 Summon Guardian Golem    Hex/Summ       0%         N/A       78%         3
 Fireball                 Conj/Fire      0%         3d3       100%        5
 Iskenderun's Battlesphe  Conj           0%         2d6       100%        5
 Conjure Ball Lightning   Conj/Air       0%         3x3d6     100%        6
 Orb of Destruction       Conj           0%         9d5       100%        7


Dungeon Overview and Level Annotations

Branches:
Dungeon (5/15)
 Temple: D:4-7

Altars:
Cheibriados
Nemelex Xobeh
Vehumet
Xom
Yredelemnul

Shops:
D:5 *


Innate Abilities, Weirdness & Mutations

You are too large for most types of armour.
You have claws for hands.
Your natural rate of healing is unusually fast.
You are covered in fur. (AC +1)
You have tough skin. (AC +1)


Message History

Really read the scroll of immolation?
As you read the scroll of immolation, it crumbles to dust.
The creatures around you are filled with an inner flame!
The ufetubus hits you but does no damage. x2
The ice beast closely misses you.
The orc wizard hits you with a +0 dagger.
Something hits you but does no damage. The orc wizard casts a spell at you.
The magic dart hits something!
Flame seeps out of something.
Xom is mildly amused.
Something hits you but does no damage. The adder bites you.
You are poisoned.
The adder poisons you!
The ufetubus hits you but does no damage.
The ufetubus closely misses you.
You claw the orc wizard!
Flame seeps out of the orc wizard.
The orc wizard is heavily wounded.
You feel sick. The ufetubus hits you.
The ufetubus hits you but does no damage.
The ice beast hits you but does no damage.
The orc wizard is engulfed in blazing flames.
Flame seeps out of the orc wizard.
The orc wizard gestures at you while chanting.
The magic dart hits you. Something hits you. The adder misses you.
Reactivating autopickup.
You feel a bit more experienced.
The orc wizard explodes!
The fiery explosion engulfs you!!
Ouch! That really hurt!
* * * LOW HITPOINT WARNING * * *
The fiery explosion engulfs the adder!!!
The fiery explosion engulfs something!!!
You feel a bit more experienced.
The fiery explosion engulfs the ufetubus!!!
The ufetubus is burned terribly!
The ufetubus explodes!
The fiery explosion engulfs the orc wizard!!
The fiery explosion engulfs you!!
You die...
Xom snickers!

####......
..####.#.
####.####.#.
#.......#.#.
#.####..#.#.
...#.
#####+##+##
....
#...§§§...#
####
#..o.○@Y..#
#...§§§○..#
#####§#####
#? #. #. #.
#.


You could see an ice beast (inner flame) and an orc wizard (inner flame).

Vanquished Creatures
  2 phantoms
  A kobold brigand (D:5)
  A scorpion (D:4)
  A centaur zombie (D:4)
  2 jellies (D:4)
  A hound (D:5)
  A gnoll bouda (D:3)
  3 orc wizards (D:5)
  8 gnolls
  6 adders
  2 ufetubi (D:5)
  An adder zombie (D:4)
  2 worms
  A dart slug (D:1)
  7 orcs
  7 ball pythons
  8 bats
  4 endoplasms
  5 giant cockroaches
  9 goblins
  7 hobgoblins
  3 jackals (D:2)
  2 quokkas
  A frilled lizard (D:1)
  16 kobolds
  5 rats
106 creatures vanquished.

Notes
Turn   | Place    | Note
-------+----------+-------------------------------------------
     0 | D:1      | Rikuski the Troll Chaos Knight began the quest for the Orb.
     0 | D:1      | Reached XP level 1. HP: 22/22 MP: 0/0
    48 | D:1      | XOM: divination: detect items
    91 | D:1      | Reached XP level 2. HP: 29/29 MP: 1/1
   398 | D:1      | Found a faded altar of an unknown god.
   702 | D:1      | XOM: silly message
   838 | D:1      | Reached XP level 3. HP: 36/36 MP: 2/2
   840 | D:1      | XOM: silly message
  1021 | D:2      | XOM: polymorph endoplasm -> jackal
  1085 | D:2      | Reached skill level 4 in Unarmed Combat
  1282 | D:2      | Reached XP level 4. HP: 44/44 MP: 3/3
  2074 | D:3      | Found a sparkling altar of Nemelex Xobeh.
  2107 | D:3      | XOM: cast spell 'Statue Form'
  2111 | D:3      | Reached XP level 5. HP: 53/53 MP: 4/4
  2211 | D:3      | Found a snail-covered altar of Cheibriados.
  2211 | D:3      | Found a radiant altar of Vehumet.
  2522 | D:4      | XOM: potion effect (curing)
  2524 | D:4      | Reached skill level 5 in Unarmed Combat
  2748 | D:4      | Reached XP level 6. HP: 38/61 MP: 5/5
  3050 | D:4      | XOM: fog
  3421 | D:4      | Found a basalt altar of Yredelemnul.
  3421 | D:4      | XOM: silly message
  3539 | D:5      | Entered Level 5 of the Dungeon
  3566 | D:5      | XOM: fake destruction
  3568 | D:5      | Reached skill level 6 in Unarmed Combat
  3575 | D:5      | Reached XP level 7. HP: 52/68 MP: 6/6
  3606 | D:5      | XOM: scenery: create altars
  3815 | D:5      | Found Qiduce's CLEARANCE SALE!.
  3820 | D:5      | XOM: 2-stop teleportation journey
  3824 | D:5      | Killed by an exploding ufetubus... ignited by their inner
                  | flame

Illustrated notes

Levels and vault maps discovered:
D:1:      mrwooster_arrival_statue, layout_loops_corners,
          shapermc_ecumenical_altar_totnotflames
D:2:      layout_basic, serial_rivers, chequers_serial_rivers_small_a,
          chequers_serial_rivers_micro_a, chequers_serial_rivers_micro_c,
          chequers_serial_rivers_room_b, chequers_serial_rivers_large_b
D:3:      layout_basic, nemelex_spade_bored_becter,
          gammafunk_temple_overflow_elements
D:4:      layout_basic, lemuel_zombie_altar_yredelemnul
D:5:      layout_basic, mainiacjoe_overflow_alcove_1, nicolae_shop_clearance

Skill      XL: |  1  2  3  4  5  6  7 |
---------------+----------------------+-----
Dodging        | 2 3 |  3.7
Unarmed Combat | 4 5 6 |  6.4
Fighting       | 3 4 |  4.0

Action                   |  1- 3 |  4- 6 |  7- 9 || total
-------------------------+-------+-------+-------++-------
Melee: Unarmed           |   109 |   140 |    22 ||   271
       Punch             |     1 |     4 |     1 ||     6
  Use: Scroll            |     1 |     6 |     3 ||    10
 Stab: Sleeping          |     1 |       |     1 ||     2
Armor: Robe              |    43 |    40 |    17 ||   100
       Skin              |       |     5 |       ||     5
Dodge: Dodged            |    70 |    76 |     9 ||   155
